 Dungeon Crawl Stone Soup version 0.30.1-11-g7821555f0a (webtiles) character file.

Game seed: 7763734235097304939

132 ChrisAssaf the Stinger (level 5, -5/57 HPs)
             Began as a Human Venom Mage on Dec 19, 2023.
             Slain by a gnoll
             ... wielding a +0 halberd
              (10 damage)
             ... on level 4 of the Dungeon.
             The game lasted 00:05:10 (984 turns).

ChrisAssaf the Stinger (Human Venom Mage)            Turns: 984, Time: 00:05:12

Health: -5/57      AC: 22    Str:  8    XL:     5   Next: 38%
Magic:  3/8        EV:  2    Int: 18    God:
Gold:   65         SH:  0    Dex: 13    Spells: 3/9 levels left

rFire   . . .        (no weapon)
rCold   . . .        (no shield)
rNeg    . . .        a - melded +0 robe
rPois   +            (helmet currently unavailable)
rElec   .            (cloak currently unavailable)
rCorr   .            (gloves currently unavailable)
SInv    .            (boots currently unavailable)
Will    .....        (no amulet)
Stlth   ++           (no ring)
HPRegen 0.29/turn    (no ring)
MPRegen 0.11/turn

%: no passive effects
@: tree-form (expiring)
A: stationary, stasis, torment immunity, boosted hp, (poison resistance), (heat
vulnerability 1)
a: no special abilities


You were on level 4 of the Dungeon.
You were a tree.
You visited 1 branch of the dungeon, and saw 4 of its levels.

You collected 65 gold pieces.

Inventory:

Armour
 a - a +0 robe (melded)
Potions
 d - a potion of mutation


   Skills:
 * Level 1.8 Fighting
 * Level 0.9 Armour
 * Level 2.3 Dodging
 * Level 2.3 Stealth
 * Level 2.6 Spellcasting
 * Level 0.7 Conjurations
 * Level 1.8 Transmutations
 + Level 0.1 Air Magic
 * Level 3.8 Poison Magic


You had 3 spell levels left.
You knew the following spells:

 Your Spells              Type           Power      Damage    Failure   Level
a - Sting                 Tmut/Pois      48%        1d5       5%          1
b - Poisonous Vapours     Pois/Air       18%        N/A       12%         2
c - Mephitic Cloud        Conj/Pois/Air  7%         N/A       26%         3

Your spell library contained the following spells:

 Spells                   Type           Power      Damage    Failure   Level
 Olgreb's Toxic Radiance  Pois           16%        N/A       34%         4


Dungeon Overview and Level Annotations

Branches:
Dungeon (4/15)
 Temple: D:4-7

Altars:


Innate Abilities, Weirdness & Mutations

You are a tree.
Your roots penetrate the ground, keeping you stationary.
You cannot be teleported.
You are immune to unholy pain and torment.
Your maximum health is greatly increased.
Your equipment is partially melded.
((Your system is resistant to poisons. (rPois)))
((You are vulnerable to heat. (rF-)))


Message History

You smack the jackal!
You kill the jackal!
You closely miss the jackal.
Your transformation is almost over.
The jackal bites you but does no damage. x2
A gnoll comes into view. It is wielding a +0 spear.
The hobgoblin barely misses you.
You barely miss the jackal. The jackal completely misses you.
The hobgoblin hits you but does no damage.
Casting: Sting (safe; 5% risk of failure)
Confirm with . or Enter, or press ? or * to list all spells.
Aiming: Sting (safe; 5% risk of failure)
Press: ? - help, Shift-Dir - straight line, f - jackal
Aim: a jackal (64% to hit)
The sting hits the jackal.
The jackal is poisoned.
The jackal is severely wounded.
The jackal bites you but does no damage.
The hobgoblin hits you but does no damage.
You hit the jackal.
You kill the jackal!
The hobgoblin hits you but does no damage.
You hit the orc.
The orc is lightly wounded.
The gnoll hits you from afar with a +0 halberd.
* * * LOW HITPOINT WARNING * * *
The hobgoblin barely misses you. The orc hits you but does no damage.
Unknown command.
You hit the orc but do no damage.
The orc is lightly wounded.
The gnoll hits you from afar with a +0 halberd.
* * * LOW HITPOINT WARNING * * *
The hobgoblin hits you but does no damage.
The orc hits you but does no damage.
You smack the orc!
You kill the orc!
You hear the slow hiss of a very distant avalanche of sand.
A gnoll comes into view. It is wielding a +0 club.
The gnoll barely misses you.
The gnoll hits you from afar with a +0 halberd!
You die...

##.........
####......#..
#....##.<####
###
#.#####.##
#.###.#.....#
#.......#####
##......##
###.....#.##
#.)♣.#.##..#
##.g###.###.#
###.gg....#
#.#
#...<.>####
#.. #......##
###.
#....#.## ##
....###.#
...# .g# #..
.##


You could see 3 gnolls and a hobgoblin.

Vanquished Creatures
  A scorpion (D:3)
  Ijyb (D:4)
  2 adders
  2 orcs
  2 endoplasms (D:3)
  4 goblins
  A hobgoblin (D:2)
  6 jackals
  A quokka (D:4)
  3 ball pythons
  3 bats
  3 kobolds
  3 rats
32 creatures vanquished.

Notes
Turn   | Place    | Note
-------+----------+-------------------------------------------
     0 | D:1      | ChrisAssaf the Human Venom Mage began the quest for the
                  | Orb.
     0 | D:1      | Reached XP level 1. HP: 13/13 MP: 3/3
   241 | D:1      | Reached XP level 2. HP: 19/19 MP: 0/5
   286 | D:1      | Learned a level 2 spell: Poisonous Vapours
   534 | D:2      | Gained mutation: You are vulnerable to heat. (rF-) [potion
                  | of mutation]
   534 | D:2      | Gained mutation: Your system is resistant to poisons.
                  | (rPois) [potion of mutation]
   547 | D:2      | Reached XP level 3. HP: 12/25 MP: 1/6
   551 | D:2      | Learned a level 3 spell: Mephitic Cloud
   594 | D:3      | Noticed a scorpion
   603 | D:3      | Killed a scorpion
   604 | D:3      | Reached XP level 4. HP: 15/31 MP: 0/7
   944 | D:4      | Noticed Ijyb
   969 | D:4      | Killed Ijyb
   970 | D:4      | Reached skill level 1 in Fighting
   970 | D:4      | Reached XP level 5. HP: 7/38 MP: 2/8
   984 | D:4      | Slain by a gnoll

Illustrated notes

Levels and vault maps discovered:
D:1:      enne_arrival_octagon_isle, layout_basic
D:2:      layout_rooms, nicolae_grassy_gnolls
D:3:      layout_basic
D:4:      layout_rooms, minmay_temple_entry_gardened_gates,
          lightli_ossuary_entry_decrepit_ruins, uniq_ijyb, uniq_pikel

Skill      XL: |  1  2  3  4 |
---------------+-------------+-----
Fighting       | 1 |  1.8
Armour         | |  0.9
Dodging        | |  2.3
Stealth        | |  2.3
Spellcasting   | |  2.6
Conjurations   | |  0.7
Transmutations | |  1.8
Air Magic      | |  0.1
Poison Magic   | |  3.8

Action                     |  1- 3 |  4- 6 || total
---------------------------+-------+-------++-------
  Melee: Unarmed           |       |    23 ||    23
         Punch             |       |     1 ||     1
   Cast: Sting             |    28 |    11 ||    39
         Poisonous Vapours |     5 |       ||     5
         Mephitic Cloud    |       |     1 ||     1
    Use: Potion            |     2 |     2 ||     4
         Scroll            |       |     1 ||     1
 Armour: Robe              |    15 |     2 ||    17
         Skin              |       |    44 ||    44
  Dodge: Dodged            |    54 |    13 ||    67
